 Dungeon Crawl Stone Soup version 0.30-b1-2-g02819fbbbe (webtiles) character file.

Game seed: 9144555320590096855

31 Borgoz the Trooper (level 3, 0/23 HPs)
             Began as a Gargoyle Berserker on June 16, 2023.
             Was a Follower of Trog.
             Slain by a hobgoblin (3 damage)
             ... on level 1 of the Dungeon.
             The game lasted 00:01:14 (1001 turns).

Borgoz the Trooper (Gargoyle Berserker)             Turns: 1001, Time: 00:01:14

Health: 0/23       AC:  8    Str: 20    XL:     3   Next: 22%
Magic:  3/3        EV: 11    Int:  7    God:    Trog [*.....]
Gold:   70         SH:  0    Dex: 11    Spells: 2/2 levels left

rFire   . . .        a - +0 mace
rCold   . . .        (no shield)
rNeg    + . .        c - +0 ring mail
rPois   ∞            (no helmet)
rElec   +            (no cloak)
rCorr   .            (no gloves)
SInv    .            (no boots)
Will    .....        (no amulet)
Stlth   +            (no ring)
HPRegen 0.23/turn    (no ring)
MPRegen 0.08/turn

%: no passive effects
@: no status effects
A: sickness immunity, AC +3, negative energy resistance 1, electricity
resistance, torment resistance 1, petrification resistance
a: Renounce Religion, Berserk


You were on level 1 of the Dungeon.
You worshipped Trog.
Trog was aware of your devotion.
You visited 1 branch of the dungeon, and saw 2 of its levels.

You collected 70 gold pieces.

Inventory:

Hand Weapons
 a - a +0 mace (weapon)
Armour
 c - a +0 ring mail (worn)
Jewellery
 d - a ring of ice
 g - a ring of positive energy
Scrolls
 e - 2 scrolls of magic mapping
Potions
 b - 3 potions of might {unknown}


   Skills:
 + Level 3.6 Fighting
 + Level 3.2 Maces & Flails
 + Level 2.6 Armour
 + Level 1.9 Dodging
 + Level 1.2 Stealth


You had 2 spell levels left.
You didn't know any spells.
Your spell library was empty.

Dungeon Overview and Level Annotations

Branches:
Dungeon (2/15)

Altars:


Innate Abilities, Weirdness & Mutations

You are immune to sickness and miasma.
Your stone body is resilient. (AC +3)
You are immune to poison.
You resist negative energy. (rN+)
You are resistant to electric shocks. (rElec)
You are resistant to unholy torment.
You are immune to petrification.


Message History

The orc hits you with a +0 hand axe. The adder bites you but does no damage.
You closely miss the adder.
The adder is lightly wounded.
The bat barely misses you. The adder closely misses you.
The orc closely misses you.
The hobgoblin hits you but does no damage.
The bat barely misses you.
You closely miss the adder.
The adder is lightly wounded.
The adder bites you. The orc hits you but does no damage.
The hobgoblin hits you but does no damage.
The adder bites you but does no damage.
You sock the adder!
The adder is almost dead.
The bat hits you but does no damage. The hobgoblin closely misses you.
The orc barely misses you. The adder closely misses you.
You sock the adder!
You kill the adder!
Trog accepts your kill. The bat barely misses you.
The hobgoblin closely misses you. The orc hits you with a +0 hand axe.
The hobgoblin hits you. The orc hits you with a +0 hand axe.
* * * LOW HITPOINT WARNING * * *
You have reached level 3!
Your experience leads to an increase in your attributes!
Increase (S)trength, (I)ntelligence, or (D)exterity?
You feel agile. x2
Okay, then.
The orc attacks as you move away! The orc barely misses you.
The bat barely misses you.
The hobgoblin hits you but does no damage.
The orc attacks as you move away! The orc barely misses you.
You hit the hobgoblin.
The hobgoblin is moderately wounded.
The hobgoblin hits you.
* * * LOW HITPOINT WARNING * * *
You hit the hobgoblin but do no damage.
The hobgoblin is moderately wounded.
The bat misses you. x2; The hobgoblin hits you.
You die...

#.#######.#### #............#
#.##########.# #.........##.#
#########.##.# ##############
#.##.#### .............#
#.##....#
.............########.####.##
.............#og@...#.##....#
....######+###.##b..#.##.####
....'........>........##.#
....######+#..#...#####..##
..............#.#.........#
###.........#.###.#.#.#.#.#
#.........#.....#.......#
#.........#.####..#.#.#.#
#.........#.#...........#


You could see an orc, a hobgoblin and a bat.

Vanquished Creatures
  An adder (D:1)
  An orc (D:2)
  4 endoplasms (D:1)
  4 goblins (D:1)
  3 hobgoblins (D:1)
  A quokka (D:1)
  2 kobolds (D:1)
  A rat (D:1)
17 creatures vanquished.

Notes
Turn   | Place    | Note
-------+----------+-------------------------------------------
     0 | D:1      | Borgoz the Gargoyle Berserker began the quest for the Orb.
     0 | D:1      | Reached XP level 1. HP: 14/14 MP: 1/1
   280 | D:1      | Reached XP level 2. HP: 13/19 MP: 2/2
   805 | D:1      | Reached skill level 1 in Stealth
   997 | D:1      | Reached XP level 3. HP: 4/23 MP: 3/3
  1001 | D:1      | Slain by a hobgoblin

Illustrated notes

Levels and vault maps discovered:
D:1:      dpeg_arrival_arbitrary_c, layout_basic, glass_columns_b,
          minmay_hedge_maze, roderic_lattice_a, minmay_misc_feat_encased
D:2:      minmay_diamond_boxcup, layout_loops_ring, uniq_terence

Skill      XL: |  1  2 |
---------------+-------+-----
Stealth        | 1 |  1.2
Fighting       | |  3.6
Maces & Flails | |  3.2
Armour         | |  2.6
Dodging        | |  1.9

Action                     || total
---------------------------++-------
  Melee: Mace              ||    48
    Use: Scroll            ||     4
 Armour: Animal skin       ||     4
         Ring mail         ||    36
  Dodge: Dodged            ||    49
